 Dungeon Crawl Stone Soup version 0.32-a0-656-g3542139ebd (webtiles) character file.

Game seed: 3968636458406516988

1531131 Ruich the Worldbinder (level 25, 212/212 HPs)
             Began as a Mummy Summoner on Mar 5, 2024.
             Was an Initiate of Gozag.
             Escaped with the Orb
             ... and 4 runes on Mar 8, 2024!
             The game lasted 08:21:35 (146222 turns).

Ruich the Worldbinder (Mummy Summoner)            Turns: 146222, Time: 08:21:36

Health: 212/212    AC: 13    Str: 14    XL:     25   Next: 50%
Magic:  45/45      EV: 19    Int: 30    God:    Gozag
Gold:   1252       SH: 17    Dex: 16    Spells: 1/61 levels left

rFire   + . .        R - +9 flail "Embalmer" {flame, +Blink rElec rF+ Will- Stlth+}
rCold   + + +        N - +5 kite shield {reflect}
rNeg    + + +        P - +0 troll leather armour "Plog" {rElec Regen+ Int+6 Slay-5}
rPois   ∞            Y - +2 helmet of the Planets {rPois Slay+3}
rElec   +            Q - +2 cloak {Will+}
rCorr   .            a - +1 pair of gloves "Madoepets" {rPois rF+}
SInv    .            o - +0 pair of boots of the Eternal Void {Rampage rElec Dex-2}
Will    ++++.        X - amulet "Hyizucegigg" {Acrobat rC+ Dex+4}
Stlth   ++           r - ring "Ydaf" {rPois rC+ Will+ Str+2}
HPRegen 1.35/turn    M - ring of wizardry
MPRegen 0.29/turn

%: reflection, acrobat, rampage, faith, wizardry (x1)
@: studying Long Blades
A: cold resistance 1, negative energy resistance 3, torment resistance 2, heat
vulnerability 1, in touch with death 2, no potions, faith
0: Orb of Zot
}: 4/15 runes: serpentine, barnacled, slimy, silver
a: Renounce Religion, Evoke Blink, Potion Petition, Call Merchant, Bribe Branch


You escaped.
You worshipped Gozag.
Gozag was most pleased with you.
You visited 11 branches of the dungeon, and saw 53 of its levels.
You also visited: Sewer and Ossuary.

You collected 28587 gold pieces.
You spent 4359 gold pieces at shops.
You paid 22976 gold pieces to Gozag.


Innate Abilities, Weirdness & Mutations

You are immune to poison.
Your flesh is cold resistant. (rC+)
You are immune to negative energy. (rN+++)
You are immune to unholy pain and torment.
You are vulnerable to heat. (rF-)
You are strongly in touch with the powers of death.
You do not drink.
You have a special connection with the divine. (Faith)


   Skills:
 - Level 20.7 Fighting
 - Level 5.0 Armour
 - Level 15.5 Dodging
 - Level 8.0 Stealth
 - Level 10.0 Shields
 - Level 18.5 Spellcasting
 - Level 9.0 Conjurations
 - Level 5.0 Hexes
 + Level 21.5 Summonings
 - Level 12.0 Translocations
 - Level 5.0 Fire Magic
 - Level 8.9 Earth Magic
 - Level 4.4 Evocations


You had one spell level left.
You knew the following spells:

 Your Spells              Type           Power      Damage    Failure   Level
b - Summon Cactus Giant   Summ           51%        N/A       1%          6
d - Dragon's Call         Summ           51%        N/A       26%         9
f - Summon Forest         Summ/Tloc      45%        N/A       1%          5
g - Malign Gateway        Summ/Tloc      45%        N/A       1%          7
h - Summon Horrible Thin  Summ           51%        N/A       1%          8
m - Monstrous Menagerie   Summ           51%        N/A       1%          7
s - Summon Hydra          Summ           51%        N/A       1%          7
u - Passage of Golubria   Tloc           79%        N/A       1%          4
v - Summon Mana Viper     Hex/Summ       82%        N/A       1%          5
B - Blink                 Tloc           100%       N/A       1%          2

Your spell library contained the following spells:

 Spells                   Type           Power      Damage    Failure   Level
 Summon Small Mammal      Summ           100%       N/A       0%          1
 Apportation              Tloc           100%       N/A       1%          1
 Foxfire                  Conj/Fire      100%       2x1d9     1%          1
 Freeze                   Ice            100%       1d10      1%          1
 Kiss of Death            Conj/Necr      100%       2d13      1%          1
 Magic Dart               Conj           100%       1d8       1%          1
 Necrotise                Necr           100%       1d9       1%          1
 Sandblast                Erth           100%       2d20      1%          1
 Shock                    Conj/Air       100%       1d9       1%          1
 Sting                    Conj/Alch      100%       1d9       1%          1
 Call Imp                 Summ           100%       N/A       0%          2
 Call Canine Familiar     Summ           100%       N/A       0%          3
 Jinxbite                 Hex            100%       N/A       1%          2
 Lesser Beckoning         Tloc           100%       N/A       1%          2
 Momentum Strike          Conj/Tloc      100%       3d10      1%          2
 Static Discharge         Conj/Air       100%       3-8/arc   1%          2
 Confusing Touch          Hex            55%        N/A       1%          3
 Hailstorm                Conj/Ice       53%        3d10      1%          3
 Passwall                 Erth           69%        N/A       1%          3
 Stone Arrow              Conj/Erth      100%       3d13      1%          3
 Summon Ice Beast         Ice/Summ       75%        N/A       1%          3
 Tukima's Dance           Hex            55%        N/A       1%          3
 Volatile Blastmotes      Fire/Tloc      100%       2d18      1%          3
 Brom's Barrelling Bould  Conj/Erth      69%        2d8       1%          4
 Dimensional Bullseye     Hex/Tloc       34%        N/A       1%          4
 Iskenderun's Mystic Bla  Conj/Tloc      74%        2d15      1%          4
 Manifold Assault         Tloc           79%        N/A       1%          4
 Martyr's Knell           Necr/Summ      100%       N/A       1%          4
 Summon Blazeheart Golem  Fire/Summ      82%        N/A       1%          4
 Summon Lightning Spire   Summ/Air       75%        N/A       1%          4
 Iskenderun's Battlesphe  Conj           69%        2d12      1%          5
 Mercury Vapours          Alch/Air       54%        N/A       2%          2
 Cause Fear               Hex            27%        N/A       2%          4
 Petrify                  Alch/Erth      53%        N/A       2%          4
 Fireball                 Conj/Fire      31%        3d13      2%          5
 Spellforged Servitor     Conj/Summ      43%        N/A       2%          7
 Frozen Ramparts          Ice            54%        1d9       5%          3
 Fugue of the Fallen      Necr           58%        N/A       5%          3
 Ozocubu's Armour         Ice            27%        N/A       5%          3
 Swiftness                Air            27%        N/A       5%          3
 Vampiric Draining        Necr           58%        2d10      5%          3
 Bombard                  Conj/Erth      34%        9d6       6%          6
 Arcjolt                  Conj/Air       26%        1d36      8%          5
 Borgnjor's Vile Clutch   Necr/Erth      44%        N/A       8%          5
 Irradiate                Conj/Alch      26%        3d20      8%          5
 Freezing Cloud           Conj/Ice/Air   22%        6-21      14%         5
 Airstrike                Air            13%        2d(2-18)  16%         4
 Dispel Undead            Necr           58%        3d21      16%         4
 Olgreb's Toxic Radiance  Alch           27%        N/A       16%         4
 Metabolic Englaciation   Hex/Ice        21%        N/A       16%         5
 Silence                  Hex/Air        21%        N/A       16%         5
 Yara's Violent Unravell  Hex/Alch       21%        3d10      16%         5
 Haunt                    Necr/Summ      59%        N/A       17%         7
 Alistair's Intoxication  Alch           18%        N/A       41%         5
 Curse of Agony           Necr           58%        N/A       41%         5
 Enfeeble                 Hex            27%        N/A       86%         7
 Eringya's Noxious Bog    Alch           13%        4d6       92%         6
 Sculpt Simulacrum        Ice/Alch       13%        N/A       92%         6
 Lehudib's Crystal Spear  Conj/Erth      34%        10d9      93%         8
 Discord                  Hex            27%        N/A       100%        8
 Infestation              Necr           29%        N/A       100%        8
 Fire Storm               Conj/Fire      31%        8d8       100%        9
 Sublimation of Blood     Necr           Unusable   N/A       N/A         2
 Animate Dead             Necr           Unusable   N/A       N/A         4

Inventory:

Hand Weapons
 b - the +6 war axe of Propriety {antimagic, Int+3}
   (You found it on level 15 of the Dungeon)

   Int+3:     It affects your intelligence (+3).
 l - the +7 trident of Tetont {pain, rC++}
   (You took it off a deep elf annihilator on level 3 of the Elven Halls)

   rC++:      It greatly protects you from cold.
 R - the +9 flail "Embalmer" (weapon) {flame, +Blink rElec rF+ Will- Stlth+}
   (You found it on level 5 of the Pits of Slime)

   rF+:       It protects you from fire.
   rElec:     It insulates you from electricity.
   Will-:     It decreases your willpower.
   +Blink:    It lets you blink.
   Stlth+:    It makes you more stealthy.
Missiles
 B - 6 throwing nets {=f}
Armour
 a - the +1 pair of gloves "Madoepets" (worn) {rPois rF+}
   (You found it on level 2 of the Depths)

   rF+:       It protects you from fire.
   rPois:     It protects you from poison.
 o - the +0 pair of boots of the Eternal Void (worn) {Rampage rElec Dex-2}
   (You found it on level 15 of the Dungeon)

   Dex-2:     It affects your dexterity (-2).
   rElec:     It insulates you from electricity.
   Rampage:   It bestows one free step when moving towards enemies.
 N - a +5 kite shield of reflection (worn)
 P - the +0 troll leather armour "Plog" (worn) {rElec Regen+ Int+6 Slay-5}
   (You took it off a deep elf knight on level 3 of the Elven Halls)

   Int+6:     It affects your intelligence (+6).
   Slay-5:    It affects your accuracy & damage with ranged weapons and melee
   (-5).
   rElec:     It insulates you from electricity.
   Regen+:    It increases your rate of health regeneration.
 Q - a +2 cloak of willpower (worn)
 Y - the +2 helmet of the Planets (worn) {rPois Slay+3}
   (You found it on level 1 of the Shoals)

   Slay+3:    It affects your accuracy & damage with ranged weapons and melee
   (+3).
   rPois:     It protects you from poison.
Magical Staves
 c - the staff "Demonbane" {rElec rN+ Air, !a}
   (You found it on level 5 of the Pits of Slime)

   [staff of air]

   Base accuracy: +5 Base damage: 5 Base attack delay: 1.2 This weapon's minimum
   attack delay (0.6) is reached at skill level 12.
   rElec:     It insulates you from electricity.
   rN+:       It protects you from negative energy.
   Air:       It increases the power of your Air spells.
   It falls into the 'Staves' category.
   It is a one-handed weapon.
Jewellery
 f - the ring "Ninokil" {MP+9 Dex+4 Stlth+}
   (You found it on level 5 of the Pits of Slime)

   [ring of magical power]

   Dex+4:     It affects your dexterity (+4).
   MP+9:      It affects your magic capacity (+9).
   Stlth+:    It makes you more stealthy.
 q - a ring of protection from fire
 r - the ring "Ydaf" (left hand) {rPois rC+ Will+ Str+2}
   (You took it off a merfolk impaler on level 2 of the Shoals)

   [ring of protection from cold]

   Str+2:     It affects your strength (+2).
   rC+:       It protects you from cold.
   rPois:     It protects you from poison.
   Will+:     It increases your willpower.
 s - the ring "Effamyst" {Fly Stlth+}
   (You found it on level 1 of the Realm of Zot)

   [ring of flight]

   Fly:       It grants you flight.
   Stlth+:    It makes you more stealthy.
 E - a ring of fire
 L - a ring of willpower
 M - a ring of wizardry (right hand)
 O - the amulet "Geih" {Acrobat Fly Will+}
   (You acquired it on level 3 of the Shoals)

   [amulet of the acrobat]

   Acrobat:   It increases your evasion while moving and waiting.
   Will+:     It increases your willpower.
   Fly:       It grants you flight.
 S - the ring of Sloth {rCorr Str+3 Int+2 Dex+2}
   (You bought it in a shop on level 2 of the Snake Pit)

   [ring of resist corrosion]

   Str+3:     It affects your strength (+3).
   Int+2:     It affects your intelligence (+2).
   Dex+2:     It affects your dexterity (+2).
   rCorr:     It protects you from acid and corrosion.
 T - the amulet of Ituxol {Harm rF+ RegenMP+}
   (You took it off a deep elf elementalist on level 3 of the Elven Halls)

   [amulet of magic regeneration]

   It increases your rate of magic regeneration.
   rF+:       It protects you from fire.
   Harm:      It increases damage dealt and taken.
   RegenMP+:  It increases your rate of magic regeneration.
 U - a ring of see invisible
 X - the amulet "Hyizucegigg" (around neck) {Acrobat rC+ Dex+4}
   (You found it on level 5 of the Pits of Slime)

   [amulet of the acrobat]

   Acrobat:   It increases your evasion while moving and waiting.
   Dex+4:     It affects your dexterity (+4).
   rC+:       It protects you from cold.
Wands
 j - a wand of iceblast (61)
 p - a wand of digging (1)
 u - a wand of polymorph (36)
 x - a wand of light (22)
 y - a wand of charming (47)
 C - a wand of mindburst (26)
Scrolls
 d - 18 scrolls of teleportation {@r2}
 e - 6 scrolls of poison
 g - 7 scrolls of fear
 h - 6 scrolls of blinking
 i - 3 scrolls of amnesia
 k - 13 scrolls of vulnerability
 m - 4 scrolls of noise
 n - 3 scrolls of revelation
 t - 7 scrolls of silence {!r}
 J - 10 scrolls of fog
 V - 4 scrolls of immolation
 W - 5 scrolls of torment
Miscellaneous
 v - a lightning rod (4/4)
 w - a phial of floods
 A - a sack of spiders (inert)
 H - a phantom mirror (inert)
 Z - a tin of tremorstones (2/2)

Dungeon Overview and Level Annotations

Branches:
Dungeon (15/15)            Temple (1/1) D:7            Lair (5/5) D:9
 Shoals (4/4) Lair:3        Snake (4/4) Lair:3        Slime (5/5) Lair:4
    Orc (2/2) D:9             Elf (3/3) Orc:2        Vaults (5/5) D:14
  Crypt (0/3) Vaults:3     Depths (4/4) D:15            Zot (5/5) Depths:4
  Sewer (visited)         Ossuary (visited)

Altars:
Ashenzari
Cheibriados
Dithmenos
Fedhas
Gozag
Hepliaklqana
Kikubaaqudgha
Makhleb
Nemelex Xobeh
Okawaru
Qazlal
Ru
Sif Muna
Trog
Uskayaw
Vehumet
Wu Jian
Xom
Yredelemnul
Beogh
Jiyva
Lugonu

Shops:
D:9 *(   Orc:1 (   Orc:2 !??*[   Elf:1 *   Shoals:1 (   Shoals:2 *   Shoals:3 !
Snake:2 =:=   Snake:3 !?   Snake:4 !   Vaults:3 *   Vaults:4 *   Vaults:5 :
Depths:3 :

Portals:
Hell: Depths:1 Depths:2 Depths:3 Depths:4
Abyss: Depths:1 Depths:2 Depths:3 Depths:4
Pandemonium: Depths:2
Ziggurat: Depths:4
Trove: D:15 (give 6 scrolls of fog)

Annotations:
D:3 2 transporters
Temple 2 transporters
Shoals:2 exclusion: downstairs
Elf:2 3 runed translucent doors
Depths:2 2 transporters, ragingrage's ghost, veteran KoDe
Zot:2 exclusion: downstairs
Zot:3 3 runed translucent doors, Hoptod's ghost, master DsFi
Zot:4 4 transporters

..#.#.#.###.#.)#+#.............#
..#.#.####....##.###...........#
..#........÷#.##.# #...........#
..###>........##.# #...........##
#.....##########.###.###.........
#####.# ##...##............. #
#.# ##..⌠..######.####### #
#.#######.......#####.# # #
###'#.'.....⌠.@.⌠.....'.# # #
#.....#####.......####### # #
#.....# ##..⌠..## # ###..÷..#
##...## # .##.....# ##.## #
.##.....# #.# # .##.....# #.# #
.##.....# #.# #
#####'##########'# #


There were no monsters in sight!


Message History

Level annotation: 2 transporters
There is a stone staircase leading down here.
Aiming: Dig
Press: ? - help, Shift-Dir - straight line A rock wall.
This square is covered in magical glow.
The rock shatters into small pieces.
There is a stone staircase leading up here.
You climb upwards.
There is a stone staircase leading down here.
Unknown command.
You climb downwards.
Level annotation: 2 transporters
There is a stone staircase leading up here.
There is a stone staircase leading up here.
You climb upwards.
There is a stone staircase leading down here.
Aiming: Dig
Press: ? - help, Shift-Dir - straight line A rock wall.
This square is covered in magical glow.
The rock shatters into small pieces.
There is a stone staircase leading up here.
You climb upwards.
There is a stone staircase leading down here.
There is an open door here.
There is an open door here.
There is a dry fountain here.
There is a staircase leading out of the dungeon here.
You have escaped!

Skill      XL: |  1  2  3  4  5  6  7  8  9 10 11 12 13 14 15 16 17 18 19 20 21 22 23 24 25 |
---------------+----------------------------------------------------------------------------+-----
Spellcasting   | 3 4 5 6 7 9 10 11 13 14 15 16 18 | 18.5
Summonings     | 4 5 6 8 9 11 12 13 14 15 16 17 19 20 21 | 21.5
Translocations | 1 2 4 5 6 10 11 12 | 12.0
Fire Magic     | 1 2 3 5 |  5.0
Stealth        | 3 5 7 8 |  8.0
Fighting       | 1 4 6 8 10 11 13 14 15 18 19 20 | 20.7
Hexes          | 2 4 5 |  5.0
Dodging        | 4 6 8 9 10 11 13 14 15 | 15.5
Shields        | 2 5 6 8 9 10 | 10.0
Conjurations   | 4 8 9 |  9.0
Earth Magic    | 4 8 |  8.9
Armour         | 5 |  5.0
Evocations     | 4 |  4.4

Action                     |  1- 3 |  4- 6 |  7- 9 | 10-12 | 13-15 | 16-18 | 19-21 | 22-24 | 25-27 || total
---------------------------+-------+-------+-------+-------+-------+-------+-------+-------+-------++-------
  Melee: Unarmed           |    11 |       |       |       |       |       |       |       |       ||    11
         Hand axe          |    12 |       |       |       |       |       |       |       |       ||    12
         Punch             |     1 |       |       |       |       |       |       |       |       ||     1
         Dagger            |    17 |    20 |    59 |    83 |    86 |       |       |       |       ||   265
         Short sword       |       |     4 |       |       |    53 |   229 |   146 |       |       ||   432
         Trident           |       |       |       |       |    79 |       |       |       |       ||    79
         War axe           |       |       |       |       |       |       |    20 |       |       ||    20
         Mace              |       |       |       |       |       |       |    44 |   113 |       ||   157
         Flail             |       |       |       |       |       |       |       |    38 |    17 ||    55
  Throw: Throwing net      |       |       |       |     1 |       |       |       |       |       ||     1
   Cast: Summon Small Mamm |    60 |    22 |    36 |    36 |       |       |       |       |       ||   154
         Call Canine Famil |     5 |    63 |    59 |    55 |   113 |   120 |    50 |       |       ||   465
         Summon Blazeheart |       |       |    28 |    12 |       |       |       |       |       ||    40
         Summon Forest     |       |       |     2 |    53 |   139 |    87 |    55 |    13 |       ||   349
         Summon Lightning  |       |       |       |     5 |    15 |    21 |     1 |       |       ||    42
         Summon Mana Viper |       |       |       |    35 |   133 |   148 |   165 |    76 |     2 ||   559
         Summon Cactus Gia |       |       |       |    37 |   158 |   174 |   170 |    98 |       ||   637
         Blink             |       |       |       |       |     2 |     1 |       |     3 |       ||     6
         Monstrous Menager |       |       |       |       |       |   144 |    69 |    41 |       ||   254
         Martyr's Knell    |       |       |       |       |       |    19 |     5 |       |       ||    24
         Malign Gateway    |       |       |       |       |       |       |    29 |    31 |       ||    60
         Summon Hydra      |       |       |       |       |       |       |   108 |   387 |     5 ||   500
         Summon Horrible T |       |       |       |       |       |       |       |    17 |     5 ||    22
         Spellforged Servi |       |       |       |       |       |       |       |    22 |       ||    22
         Dragon's Call     |       |       |       |       |       |       |       |       |    12 ||    12
 Invoke: Potion Petition   |       |       |       |       |       |     1 |     1 |     4 |     2 ||     8
         Bribe Branch      |       |       |       |       |       |     1 |       |     3 |     2 ||     6
         Call Merchant     |       |       |       |       |       |       |     2 |       |       ||     2
  Evoke: Wand              |       |       |       |     2 |       |     1 |     2 |     2 |     6 ||    13
         Phantom mirror    |       |       |       |       |       |     3 |     1 |       |     1 ||     5
         Sack of spiders   |       |       |       |       |       |     2 |       |     1 |     1 ||     4
    Use: Scroll            |       |     4 |     4 |    11 |     9 |    11 |    11 |    22 |     4 ||    76
   Stab: Sleeping          |     2 |     3 |     2 |       |       |       |     1 |       |       ||     8
         Distracted        |       |     1 |     1 |     1 |     3 |     7 |     6 |    10 |     1 ||    30
 Armour: Robe              |    50 |    28 |    79 |    85 |   312 |   379 |   255 |       |       ||  1188
         Leather armour    |       |       |    24 |    27 |       |       |       |       |       ||    51
         Troll leather arm |       |       |       |       |       |       |   166 |   497 |    60 ||   723
  Dodge: Dodged            |    58 |    14 |   119 |   138 |   325 |   376 |   346 |   466 |    68 ||  1910
  Block: Buckler           |       |       |       |       |   100 |       |       |       |       ||   100
         Reflection        |       |       |       |       |    77 |    63 |       |     6 |       ||   146
         Kite shield       |       |       |       |       |   155 |   433 |   264 |   472 |    71 ||  1395

Levels and vault maps discovered:
D:1:      evilmike_arrival_plus, layout_basic,
          dreamdust_ecumenical_altar_hidden_monk_grotto
D:2:      layout_basic, hangedman_decor_diamond_cutter,
          chequers_serial_rivers_small_3
D:3:      gammafunk_wand_slinger, layout_loops_ring, amethyst_killhole,
          kennysheep_potato
D:4:      minmay_door_path, layout_basic,
          mainiacjoe_sewer_entry_somewhere_in_here_1, minmay_misc_feat_x,
          minmay_gold_behind_fungi, minmay_misc_feat_tiny,
          serial_library_hellmonk_semicircle
D:5:      layout_gridville, enter_ossuary_5, minmay_misc_feat_doors,
          corexii_corridor_pit, minmay_misc_feat_square
D:6:      layout_rooms
D:7:      layout_loops_cross, minmay_temple_entry_junction_2, dk_noncrumbling_2
D:8:      minmay_tri_box, layout_layer_cave, mainiacjoe_overflow_divided_tiny,
          enter_bailey_2, kb_rosetta
D:9:      layout_layer_cave, mainiacjoe_overflow_six_doors_small,
          dpeg_lair_monsters, orc_0_dummy
D:10:     layout_rooms, serial_glass, glass_columns_c, glass_columns_a,
          minmay_misc_feat_columns
D:11:     layout_rooms
D:12:     kennysheep_seaside_town, layout_rooms, ebering_ghost_funeral_grove,
          nicolae_uskayaw_murder_on_the_dancefloor
D:13:     layout_roguey, nrook_mini_vaults, kennysheep_generic_room_2
D:14:     layout_irregular_city, david_vaults_5, yredelemnul_altar_generic,
          uniq_louise, uniq_jorgrun
D:15:     grunt_enter_depths_magical_seal, layout_loops_cross,
          nicolae_trove_entry_diagonal, hangedman_decor_push, serial_glass,
          glass_columns_a, glass_columns_b, due_unseen_surprise,
          feat_on_display, feat_on_display, gammafunk_ghost_berserking_beasts,
          minivault_16, uniq_roxanne
Temple:   hellmonk_temple_divided_pantheon
Lair:1:   layout_hall_layers
Lair:2:   layout_loops_ring, minivault_24, uniq_nergalle, uniq_urug
Lair:3:   layout_cave_pods, elwin_shoals_entry_rooms,
          guppyfry_snake_entry_garden, basic_altar, grunt_megastairs_1
Lair:4:   onia_ninara_swampy_vault, layout_hall_layers,
          minmay_slime_entry_jelly_boxes, ebering_ghost_disaster_area
Lair:5:   minmay_lair_end_enchanted_forest, layout_hall_layers,
          serial_bayou_shore_a
Shoals:1: layout_shoals, serial_shops, shop
Shoals:2: dreamdust_from_the_deep, layout_shoals, serial_shops, shop,
          nicolae_shoals_so_close
Shoals:3: layout_shoals, serial_shops, nicolae_shop_stone
Shoals:4: shoals_end_hellmonk_holy_island
Snake:1:  layout_chambers
Snake:2:  layout_rooms, minmay_shop_grove, uniq_agnes
Snake:3:  layout_chambers, lemuel_fruit_tree, minmay_shoptagon
Snake:4:  johnstein_snake_rune_scales, layout_rooms, basic_altar,
          minmay_shop_star
Slime:1:  layout_caves
Slime:2:  layout_caves, nicolae_slime_welcoming_committee, uniq_dissolution
Slime:3:  layout_caves, uniq_donald
Slime:4:  layout_caves
Slime:5:  slime_pit_nicolae_trefoil
Orc:1:    layout_caves, serial_shops, nicolae_shop_back_alley_shop, basic_altar,
          nicolae_orc_pool_cavern
Orc:2:    st_orc_rangers, layout_diamond_mine, serial_shops,
          nicolae_shop_just_a_little_nook, basic_altar
Elf:1:    layout_loops_cross, serial_shops, nicolae_shop_behind_doors,
          basic_altar, hangedman_elf_disciples, uniq_frances
Elf:2:    elven_hall_of_blades_hangedman_original [nicolae_blade_bullseye],
          layout_geoelf_grid, serial_sigils, serial_sigils_hangedman_writhe,
          serial_sigils_hangedman_shear, serial_sigils_hangedman_snap,
          serial_sigils_hangedman_confine, fake_guardian_serpent_vault
Elf:3:    elf_hall, layout_geoelf_castle, basic_altar
Vaults:1: ontoclasm_vaults_ligature, nicolae_vaults_angled_halls,
          nicolae_vaults_swerve, ontoclasm_vaults_gallery,
          nicolae_vaults_closet_pinwheel_6, nicolae_vaults_trapezoid_lopsided_1,
          v_misc_13, nicolae_vaults_diamond_2, v_misc_16,
          nicolae_vaults_yaktaur_gun_rack, nicolae_vaults_storage_closets_1,
          nicolae_vaults_storage_closets_2, layout_vaults_ring
Vaults:2: nicolae_vaults_big_ls, nicolae_vaults_house_1, v_misc_9,
          ontoclasm_vaults_ring_small, nicolae_vaults_trapezoid_lopsided_3,
          vaults_room_boxed, ontoclasm_vaults_decontamination,
          hangedman_vaults_pinch, grunt_vaults_hallway_short,
          nicolae_vaults_house_3, nicolae_vaults_trapezoid_1,
          nicolae_vaults_heart-shaped_vault, v_misc_15, layout_vaults_big_room
Vaults:3: portal_desolation_entry_holy_temple, minmay_crypt_entry_necro_gods,
          nicolae_vaults_octothorpe, v_misc_19, v_misc_10, v_rooms_3,
          ontoclasm_vaults_fault, ontoclasm_vaults_loading_screen,
          ontoclasm_vaults_ring_small, nicolae_vaults_sesquioval_fish,
          vaults_dpeg_emergency_exit, layout_vaults_omnigrid, serial_shops,
          nicolae_shop_pleasant_corner_grove, uniq_sojobo
Vaults:4: v_misc_27, v_alt_pattern_6, v_rooms_4, nicolae_vaults_network_star,
          nicolae_vaults_tetromino_L_1, nicolae_vaults_two_Ls,
          vaults_room_semicircle, vaults_room_pool, vaults_room_door_hall,
          lemuel_angel_altar, ontoclasm_vaults_pinch, layout_vaults_maze_snakey,
          serial_shops, nicolae_shop_dealshenge
Vaults:5: uniq_bai_suzhen
Depths:1: minmay_concentric_multi, layout_cave_pools, ebering_ghost_rock_garden,
          kennysheep_nub, pf_coc_iceberg, minmay_room_of_horrors, fedhas_altar_1
Depths:2: minmay_shrinking_squares, layout_gridlike, pan_entry,
          abyss_entry_flame_altar, grunt_hell_entry_demonic_statue,
          grunt_qazlal_clouds, gammafunk_ghost_mausoleum, uniq_nikola
Depths:3: dreamdust_tengu_aerie, layout_basic, grunt_decor_mini_mirrors,
          hell_entry, abyss_entry, serial_shops, shop, st_stairs_9,
          infiniplex_staircase_spiral, uniq_mara
Depths:4: lemuel_castle_with_subvaults [lemuel_castle_interior_carwin_3],
          layout_honeycomb, enter_ziggurat_f,
          hangedman_abyss_or_decor_jellyfish_corner,
          hangedman_abyss_entry_splay, hell_entry, uniq_vv
Zot:1:    layout_basic, bh_zot_levy_curve, uniq_grunn
Zot:2:    layout_basic, regret_index_zotdec_barnacled_simple
Zot:3:    layout_cathedral_of_symmetry, ebering_ghost_rock_garden,
          zot_minivault_1
Zot:4:    kennysheep_spiral_hall, layout_twisted_circle,
          hangedman_zot_decor_checkerboard, nicolae_transporter_intersection
Zot:5:    layout_misc_corridors

Notes
Turn   | Place    | Note
-------+----------+-------------------------------------------
     0 | D:1      | Ruich the Mummy Summoner began the quest for the Orb.
     0 | D:1      | Reached XP level 1. HP: 13/13 MP: 4/4
   282 | D:1      | Reached skill level 3 in Spellcasting
   286 | D:1      | Reached XP level 2. HP: 10/19 MP: 6/6
   900 | D:1      | Found a faded altar of an unknown god.
  1252 | D:2      | Reached XP level 3. HP: 24/24 MP: 7/7
  1513 | D:2      | Learned a level 3 spell: Call Canine Familiar
  1619 | D:2      | Reached skill level 4 in Summonings
  1817 | D:2      | Learned a level 2 spell: Blink
  2335 | D:3      | Reached XP level 4. HP: 30/30 MP: 9/9
  2340 | D:3      | Learned a level 4 spell: Summon Blazeheart Golem
  2526 | D:3      | Noticed an ice beast
  2550 | D:3      | Killed an ice beast
  2551 | D:3      | Reached skill level 4 in Spellcasting
  2551 | D:3      | Reached skill level 1 in Translocations
  2551 | D:3      | Reached XP level 5. HP: 28/35 MP: 11/11
  2556 | D:3      | Reached skill level 1 in Fire Magic
  2721 | D:3      | Found a transporter.
  2722 | D:3      | Noticed a kobold demonologist
  3065 | D:3      | Found a transporter.
  3632 | D:4      | Reached XP level 6. HP: 41/41 MP: 12/12
  3754 | D:4      | Reached skill level 5 in Summonings
  4230 | D:4      | Found a glowing drain.
  4243 | Sewer    | Entered a sewer
  4245 | Sewer    | Noticed Pargi
  4911 | D:5      | Entered Level 5 of the Dungeon
  5074 | D:5      | Found a sand-covered staircase.
  5078 | Ossuary  | Entered an ossuary
  5209 | Ossuary  | Reached skill level 2 in Translocations
  5247 | Ossuary  | Reached skill level 5 in Spellcasting
  5247 | Ossuary  | Reached skill level 2 in Fire Magic
  5320 | Ossuary  | Reached XP level 7. HP: 46/46 MP: 14/14
  6048 | Ossuary  | Learned a level 5 spell: Summon Forest
  6067 | D:5      | Reached skill level 6 in Summonings
  6331 | D:5      | Reached skill level 6 in Spellcasting
  6331 | D:5      | Reached skill level 3 in Fire Magic
  6331 | D:5      | Reached XP level 8. HP: 46/52 MP: 17/17
  6737 | D:6      | Reached skill level 2 in Stealth
  7449 | D:6      | Reached skill level 3 in Stealth
  7449 | D:6      | Reached skill level 3 in Translocations
  7459 | D:6      | Reached skill level 4 in Fire Magic
  8113 | D:7      | Found a staircase to the Ecumenical Temple.
  8416 | Temple   | Found a transporter.
  8416 | Temple   | Found a transporter.
  8416 | Temple   | Found a transporter.
  8416 | Temple   | Found a transporter.
  8416 | Temple   | Entered the Ecumenical Temple
  8439 | Temple   | Became a worshipper of Gozag Ym Sagoz the Greedy
  8643 | D:7      | Reached skill level 5 in Fire Magic
  8655 | D:7      | Reached skill level 4 in Translocations
  9165 | D:7      | Reached XP level 9. HP: 54/57 MP: 14/18
  9424 | D:8      | Found a flagged portal.
  9480 | D:8      | Found a shadowy altar of Dithmenos.
  9481 | D:8      | Found a broken altar of Ashenzari.
 10090 | D:8      | Noticed a deep elf pyromancer
 10144 | D:8      | Noticed a boulder beetle
 10144 | D:8      | Noticed a kobold demonologist
 10190 | D:8      | Killed a boulder beetle
 10191 | D:8      | Reached skill level 7 in Spellcasting
 10191 | D:8      | Reached skill level 7 in Summonings
 10584 | D:8      | Killed a deep elf pyromancer
 10585 | D:8      | Reached skill level 5 in Translocations
 11077 | D:8      | Noticed a five-headed hydra
 11077 | D:8      | Noticed a cyclops
 11091 | D:8      | Killed a five-headed hydra
 11092 | D:8      | Reached skill level 1 in Fighting
 11092 | D:8      | Reached skill level 8 in Summonings
 11092 | D:8      | Reached XP level 10. HP: 46/67 MP: 17/21
 11099 | D:8      | Killed a cyclops
 11100 | D:8      | Reached skill level 2 in Fighting
 11100 | D:8      | Reached skill level 8 in Spellcasting
 11385 | D:8      | Reached skill level 3 in Fighting
 11406 | D:8      | Learned a level 4 spell: Summon Lightning Spire
 11545 | D:8      | Reached skill level 9 in Summonings
 12177 | D:8      | Reached skill level 9 in Spellcasting
 12227 | D:8      | Learned a level 5 spell: Summon Mana Viper
 12361 | D:8      | Reached skill level 4 in Fighting
 12424 | D:9      | Identified the +1 broad axe "Rierul" {heavy, Str+5}
 12667 | D:9      | Found a staircase to the Orcish Mines.
 12716 | D:9      | Reached skill level 1 in Hexes
 12884 | D:9      | Found a staircase to the Lair.
 13176 | D:9      | Noticed a two-headed ogre
 13184 | D:9      | Killed a two-headed ogre
 13185 | D:9      | Reached skill level 2 in Hexes
 13185 | D:9      | Reached XP level 11. HP: 78/78 MP: 9/24
 13505 | D:9      | Identified the ring of Crawling {^Drain Fly rCorr Str+3}
 14237 | D:10     | Entered Level 10 of the Dungeon
 14294 | D:10     | Identified the +1 leather armour "Zazio" {rCorr Int+3
                  | Stlth+}
 14617 | D:10     | Reached skill level 10 in Summonings
 14800 | D:10     | Learned a level 6 spell: Summon Cactus Giant
 14870 | Lair:1   | Entered Level 1 of the Lair of Beasts
 14879 | Lair:1   | Reached skill level 5 in Fighting
 15224 | Lair:1   | Reached skill level 10 in Spellcasting
 15227 | Lair:1   | Reached skill level 3 in Hexes
 15409 | Lair:1   | Identified the +1 pair of boots of Springtime {Harm Int-3
                  | Dex+3 SInv}
 15902 | Lair:1   | Reached skill level 6 in Fighting
 15903 | Lair:1   | Reached skill level 4 in Hexes
 16369 | Lair:1   | Reached skill level 11 in Summonings
 16941 | Lair:2   | Noticed Urug
 16943 | Lair:2   | Noticed Nergalle
 17474 | Lair:1   | Reached XP level 12. HP: 79/89 MP: 7/26
 17806 | Lair:1   | Reached skill level 2 in Dodging
 17806 | Lair:1   | Reached skill level 5 in Hexes
 17914 | Lair:1   | Reached skill level 7 in Fighting
 18100 | Lair:2   | Killed Urug
 18275 | Lair:2   | Reached skill level 3 in Dodging
 18674 | Lair:2   | Killed Nergalle
 18675 | Lair:2   | Reached skill level 8 in Fighting
 19399 | Lair:2   | Reached skill level 4 in Dodging
 19399 | Lair:2   | Reached skill level 12 in Summonings
 20583 | Lair:3   | Found a shadowy altar of Dithmenos.
 20843 | Lair:3   | Found a staircase to the Shoals.
 21246 | Lair:3   | Found a staircase to the Snake Pit.
 21466 | Lair:3   | Noticed a four-headed hydra
 21474 | Lair:3   | Killed a four-headed hydra
 21475 | Lair:3   | Gained mutation: You are strongly in touch with the powers
                  | of death. [Mummy growth]
 21475 | Lair:3   | Reached XP level 13. HP: 100/100 MP: 8/27
 22014 | Lair:4   | Found a large runed translucent door.
 22014 | Lair:4   | Found a large runed translucent door.
 22034 | Lair:4   | Reached skill level 9 in Fighting
 22034 | Lair:4   | Reached skill level 5 in Dodging
 22427 | Lair:3   | Found a shadowy altar of Dithmenos.
 22574 | Lair:3   | Found a staircase to the Snake Pit.
 23379 | Lair:3   | Found a staircase to the Shoals.
 23689 | Lair:4   | Noticed Qazery's ghost (journeyman MDFi)
 24329 | Lair:4   | Reached skill level 13 in Summonings
 25195 | Lair:4   | Found a staircase to the Slime Pits.
 25206 | Lair:4   | Found a viscous altar of Jiyva.
 26785 | Lair:4   | Killed Qazery's ghost
 27021 | Lair:5   | Entered Level 5 of the Lair of Beasts
 28078 | Lair:5   | Reached skill level 6 in Dodging
 28866 | Lair:5   | Reached skill level 10 in Fighting
 29361 | Lair:5   | Reached skill level 1 in Shields
 29487 | Lair:5   | Reached skill level 2 in Shields
 30344 | Lair:5   | Reached XP level 14. HP: 110/110 MP: 17/28
 30348 | Lair:5   | Reached skill level 3 in Shields
 30350 | Lair:5   | Reached skill level 14 in Summonings
 30592 | Lair:5   | Reached skill level 4 in Stealth
 33438 | D:12     | Found a hide-covered altar of Uskayaw.
 33489 | D:12     | Reached skill level 4 in Shields
 33910 | D:12     | Reached skill level 7 in Dodging
 34216 | D:12     | Found a runed translucent door.
 34219 | D:12     | Noticed Dittersdorf's ghost (journeyman GrFi)
 34223 | D:12     | Identified the +5 trident of Unbearable Subterfuge
                  | {protect, Str+3}
 34277 | D:12     | Killed Dittersdorf's ghost
 35046 | D:12     | Reached skill level 5 in Shields
 35210 | D:12     | Reached skill level 5 in Stealth
 36604 | D:13     | Reached skill level 11 in Spellcasting
 37846 | D:14     | Reached skill level 8 in Dodging
 37853 | D:14     | Noticed Louise
 38484 | D:14     | Found a basalt altar of Yredelemnul.
 38560 | D:14     | Reached XP level 15. HP: 104/117 MP: 8/30
 38697 | D:14     | Noticed Jorgrun
 38704 | D:14     | Killed Jorgrun
 39660 | D:14     | Killed Louise
 39876 | D:14     | Found a gate to the Vaults.
 39999 | Orc:1    | Entered Level 1 of the Orcish Mines
 40003 | Orc:1    | Reached skill level 12 in Spellcasting
 40415 | Orc:1    | Reached skill level 11 in Fighting
 40724 | Orc:1    | Found a roughly hewn altar of Beogh.
 40939 | Orc:1    | Found Goinuej's Weapon Boutique.
 41516 | Orc:2    | Entered Level 2 of the Orcish Mines
 41812 | Orc:2    | Found a radiant altar of Vehumet.
 43027 | Orc:2    | Reached skill level 15 in Summonings
 43470 | Orc:2    | Found Zecwaizi's Magic Scroll Emporium.
 43470 | Orc:2    | Found Poleu's Magic Scroll Shop.
 43472 | Orc:2    | Found Seno's Assorted Antiques.
 43474 | Orc:2    | Found Fiol's Distillery.
 44138 | Orc:2    | Found a staircase to the Elven Halls.
 44791 | Orc:2    | Found Qunte's Armour Shoppe.
 44800 | Orc:2    | Bought a +1 cloak of willpower for 247 gold pieces
 44800 | Orc:2    | Bought the +0 pair of boots of Shielding {rN+ Dex-2 SInv}
                  | for 235 gold pieces
 45136 | Orc:1    | Bought the +6 short sword "Qothreboo" {drain, rF+} for 691
                  | gold pieces
 45220 | Orc:2    | Bought a scroll of silence for 142 gold pieces
 45220 | Orc:2    | Bought a scroll of fear for 60 gold pieces
 45220 | Orc:2    | Bought a scroll of fog for 60 gold pieces
 45220 | Orc:2    | Bought 2 scrolls of amnesia for 120 gold pieces
 45220 | Orc:2    | Bought a scroll of summoning for 142 gold pieces
 45220 | Orc:2    | Bought a scroll of blinking for 112 gold pieces
 45221 | Orc:2    | Bought a scroll of fear for 56 gold pieces
 45414 | D:15     | Entered Level 15 of the Dungeon
 45831 | D:15     | Reached skill level 9 in Dodging
 46124 | D:15     | Found a transporter.
 46252 | D:15     | Noticed Plog's ghost (journeyman DsMo)
 46264 | D:15     | Found a transporter.
 46641 | D:15     | Identified the granite talisman of Teblubo {rC++ Int+3
                  | Dex-4}
 46641 | D:15     | Noticed Roxanne
 47454 | D:15     | Found a portal to a secret trove of treasure.
 47776 | D:15     | Killed Roxanne
 48050 | D:15     | Reached skill level 13 in Spellcasting
 48320 | D:15     | Found a staircase to the Depths.
 48358 | D:15     | Upgraded the game from 0.32-a0-616-g9348d4545b to
                  | 0.32-a0-630-g46d191b0ed
 48547 | Snake:1  | Entered Level 1 of the Snake Pit
 48974 | Snake:1  | Reached skill level 6 in Shields
 50103 | Snake:2  | Noticed Agnes
 50402 | Snake:2  | Reached XP level 16. HP: 106/127 MP: 15/33
 50669 | Snake:2  | Killed Agnes
 50670 | Snake:2  | Reached skill level 12 in Fighting
 52452 | Snake:2  | Found Uwaseeci's Jewellery Boutique.
 52453 | Snake:2  | Found Huaz's Book Shoppe.
 52455 | Snake:2  | Found Xaeduwi's Jewellery Boutique.
 52492 | Snake:2  | Bought the ring of Sloth {rCorr Str+3 Int+2 Dex+2} for 583
                  | gold pieces
 52492 | Snake:2  | Bought a ring of flight for 245 gold pieces
 52496 | Snake:2  | Bought a ring of see invisible for 255 gold pieces
 53760 | Snake:3  | Got the Incunable of Ceraunoscopy and Hexes
 54126 | Snake:3  | Found Bamofydi's Distillery.
 54130 | Snake:3  | Found Dynimiet's Magic Scroll Boutique.
 54138 | Snake:3  | Bought a scroll of revelation for 135 gold pieces
 54138 | Snake:3  | Bought a scroll of blinking for 135 gold pieces
 54447 | Snake:3  | Reached skill level 7 in Shields
 55067 | Snake:4  | Entered Level 4 of the Snake Pit
 55078 | Snake:4  | Reached skill level 10 in Dodging
 55402 | Snake:4  | Reached skill level 14 in Spellcasting
 55464 | Snake:4  | Found Yloaraof's Distillery.
 55487 | Snake:4  | Found a sacrificial altar of Ru.
 56434 | Snake:4  | Reached skill level 13 in Fighting
 57501 | Snake:4  | Reached skill level 8 in Shields
 58597 | Snake:4  | Noticed Vashnia
 58784 | Snake:4  | Reached XP level 17. HP: 137/137 MP: 15/35
 59159 | Snake:4  | Killed Vashnia
 59932 | Snake:4  | Got a serpentine rune of Zot
 60108 | Shoals:1 | Entered Level 1 of the Shoals
 60193 | Shoals:1 | Upgraded the game from 0.32-a0-630-g46d191b0ed to
                  | 0.32-a0-643-ga006e7742e
 60272 | Shoals:1 | Identified the +2 helmet of the Planets {rPois Slay+3}
 60436 | Shoals:1 | Found Suditoul's Weapon Boutique.
 62639 | Shoals:2 | Found Ebbit's Assorted Antiques.
 62650 | Shoals:2 | Bought a scroll of revelation for 255 gold pieces
 63099 | Shoals:1 | Learned a level 7 spell: Monstrous Menagerie
 63104 | Shoals:1 | Learned a level 4 spell: Martyr's Knell
 63229 | Shoals:2 | Reached skill level 16 in Summonings
 63974 | Shoals:2 | Reached skill level 9 in Shields
 64550 | Shoals:2 | Got the Anthology of the Fair Folk and the Throng
 65289 | Shoals:2 | Reached skill level 15 in Spellcasting
 65641 | Shoals:2 | Identified the ring "Ydaf" {rPois rC+ Will+ Str+2}
 65853 | Shoals:2 | Noticed a kraken
 65855 | Shoals:2 | Noticed a tentacled monstrosity
 65869 | Shoals:2 | Killed a tentacled monstrosity
 65907 | Shoals:2 | Killed a kraken
 66050 | Shoals:2 | Got the Precepts of Mad Ravings
 66350 | Shoals:3 | Found Fifrih's Distillery.
 68737 | Shoals:3 | Identified a scroll of acquirement
 68738 | Shoals:3 | Acquired the amulet "Geih" {Acrobat Fly Will+}
 69922 | Shoals:4 | Entered Level 4 of the Shoals
 71858 | Shoals:4 | Reached skill level 6 in Translocations
 72194 | Shoals:4 | Reached XP level 18. HP: 101/145 MP: 9/37
 73150 | Shoals:4 | Got a barnacled rune of Zot
 73875 | Vaults:1 | Entered Level 1 of the Vaults
 74308 | Vaults:1 | Reached skill level 17 in Summonings
 75124 | Vaults:2 | Reached skill level 7 in Translocations
 76960 | Vaults:1 | Learned a level 7 spell: Malign Gateway
 77488 | Vaults:2 | Reached skill level 8 in Translocations
 78636 | Vaults:2 | Reached skill level 9 in Translocations
 81429 | Vaults:2 | Reached skill level 10 in Translocations
 81434 | Vaults:2 | Reached XP level 19. HP: 114/151 MP: 5/38
 81602 | Vaults:2 | Reached skill level 18 in Summonings
 81841 | Vaults:2 | Learned a level 8 spell: Summon Horrible Things
 81850 | Vaults:3 | Identified the +4 ring mail "Efedunn" {rPois Str+4 Int-5
                  | Dex+3}
 82066 | Vaults:3 | Reached skill level 16 in Spellcasting
 82421 | Vaults:3 | Found Fuclaod's General Store.
 84036 | Vaults:3 | Noticed Sojobo
 84618 | Vaults:3 | Paralysed by an air elemental for 1 turns
 85295 | Vaults:3 | Killed Sojobo
 85296 | Vaults:3 | Reached skill level 11 in Translocations
 85726 | Vaults:3 | Found a staircase to the Crypt.
 85726 | Vaults:3 | Found a basalt altar of Yredelemnul.
 85726 | Vaults:3 | Found an ancient bone altar of Kikubaaqudgha.
 85897 | Vaults:3 | Found Fuclaod's General Store.
 86694 | Vaults:4 | Found Emeablow's Assorted Antiques.
 86703 | Vaults:4 | Bought a scroll labelled UGGONA IGYGGU for 35 gold pieces
 86730 | Vaults:4 | Reached skill level 14 in Fighting
 91242 | D:15     | Killed Plog's ghost
 91249 | D:15     | Identified the +0 pair of boots of the Eternal Void
                  | {Rampage rElec Dex-2}
 91253 | D:15     | Identified the +6 war axe of Propriety {antimagic, Int+3}
 92013 | Elf:1    | Entered Level 1 of the Elven Halls
 92152 | Elf:1    | Reached skill level 19 in Summonings
 92158 | Elf:1    | Found a radiant altar of Vehumet.
 92166 | Elf:1    | Noticed Frances
 92172 | Elf:1    | Killed Frances
 92173 | Elf:1    | Reached XP level 20. HP: 161/161 MP: 22/40
 92503 | Elf:1    | Reached skill level 15 in Fighting
 92503 | Elf:1    | Reached skill level 12 in Translocations
 93451 | Elf:1    | Found Jiapn's General Store.
 94414 | Elf:2    | Found a runed translucent gate.
 94414 | Elf:2    | Found a runed translucent gate.
 94414 | Elf:2    | Found a runed translucent gate.
 95166 | Elf:2    | Got Theurgy, Part Eight
 95378 | Elf:3    | Entered Level 3 of the Elven Halls
 96207 | Elf:3    | Found a radiant altar of Vehumet.
 96464 | Elf:3    | Paralysed by an air elemental for 1 turns
 97763 | Elf:3    | Reached skill level 20 in Summonings
 98856 | Elf:3    | Identified the amulet of Ituxol {Harm rF+ RegenMP+}
 98891 | Elf:3    | Reached skill level 10 in Shields
 99805 | Elf:3    | Identified the +7 trident of Tetont {pain, rC++}
 99829 | Elf:3    | Identified the +0 troll leather armour "Plog" {rElec Regen+
                  | Int+6 Slay-5}
101634 | Elf:3    | Reached skill level 6 in Stealth
101811 | Elf:3    | Identified the staff of Fanaem {+Blink rN+ Dex-4 Necro
                  | Alchemy}
101814 | Elf:3    | Identified the staff of the Turnip {+Blink rElec Will+
                  | Int+3 Air}
101831 | Elf:3    | Identified the staff of Kindness {+Blink rPois rN+ Str+2
                  | Tloc Alchemy}
102414 | D:9      | Bought an iridescent dagger for 259 gold pieces
102414 | D:9      | Identified the +4 dagger of the Hero {heavy, Str+5} (You
                  | bought it in a shop on level 9 of the Dungeon)
102419 | D:9      | Bought an encrusted short sword for 296 gold pieces
102419 | D:9      | Identified the +1 short sword "Intuime" {venom, Str+3
                  | Dex+3} (You bought it in a shop on level 9 of the Dungeon)
102424 | D:9      | Bought a fine mace for 296 gold pieces
102424 | D:9      | Identified the +7 mace of Tuics {heavy, rF+ Str-3 Int+3
                  | Dex+8} (You bought it in a shop on level 9 of the Dungeon)
102470 | D:9      | Learned a level 7 spell: Summon Hydra
102900 | Depths:1 | Entered Level 1 of the Depths
103004 | Depths:1 | Found a runed translucent gate.
103008 | Depths:1 | Found a runed translucent gate.
103025 | Depths:1 | Noticed a golden dragon
103031 | Depths:1 | Killed a golden dragon
103304 | Depths:1 | Found a blossoming altar of Fedhas.
104229 | Depths:1 | Found a runed translucent gate.
104523 | Depths:1 | Noticed Wyithres's ghost (adept MiFi)
104780 | Depths:1 | Found a gateway to Hell.
105224 | Depths:1 | Found a one-way gate to the infinite horrors of the Abyss.
105717 | Depths:1 | Reached skill level 7 in Stealth
105730 | Depths:1 | Reached skill level 11 in Dodging
105851 | Depths:1 | Reached XP level 21. HP: 147/170 MP: 10/41
106382 | Depths:1 | Reached skill level 16 in Fighting
106652 | Depths:1 | Noticed a juggernaut
106914 | Depths:1 | Killed a juggernaut
108086 | Depths:1 | Noticed a caustic shrike
108089 | Depths:1 | Killed a caustic shrike
108150 | Depths:1 | Reached skill level 8 in Stealth
108296 | Depths:1 | Identified the +12 scimitar "Ezifrout" {holy, rN+ Will+
                  | Stlth+}
108300 | Depths:1 | Identified the +5 plate armour of Parts Unknown {Str+5
                  | Dex+6}
108473 | Depths:1 | Killed Wyithres's ghost
108553 | Depths:1 | Glimpsed the power of Zot.
108626 | Depths:2 | Found a corrupted altar of Lugonu.
108847 | Depths:2 | Found a stormy altar of Qazlal.
109451 | Depths:2 | Found a one-way gate leading to the halls of Pandemonium.
109451 | Depths:2 | Noticed a golden dragon
109468 | Depths:2 | Reached skill level 12 in Dodging
109640 | Depths:2 | Killed a golden dragon
109704 | Depths:2 | Reached skill level 17 in Fighting
109729 | Depths:2 | Noticed a caustic shrike
109732 | Depths:2 | Killed a caustic shrike
109964 | Depths:2 | Identified the +1 pair of gloves "Madoepets" {rPois rF+}
109981 | Depths:2 | Identified the staff "Concordance" {rElec rPois rC+ Int-4
                  | Air Alchemy}
110022 | Depths:2 | Identified the +1 dagger of War {protect, Int+3 Dex+4}
111313 | Depths:2 | Noticed Nikola
111348 | Depths:2 | Killed Nikola
111698 | Depths:2 | Found a transporter.
111721 | Depths:2 | Found a transporter.
111723 | Depths:2 | Noticed an ancient lich
111728 | Depths:2 | Noticed ragingrage's ghost (veteran KoDe)
112170 | Depths:3 | Noticed Mara
112177 | Depths:3 | Killed Mara
112638 | Depths:3 | Reached skill level 13 in Dodging
112794 | Depths:3 | Got the Monograph on the Scorched Dead
112804 | Depths:3 | Got Sif Muna's Notes on the Overcast Crevasse
113665 | Depths:3 | Reached skill level 18 in Fighting
113768 | Depths:3 | Found Soixidgh's Book Boutique.
113918 | Depths:4 | Entered Level 4 of the Depths
113964 | Depths:3 | Reached XP level 22. HP: 132/184 MP: 17/42
114805 | Depths:4 | Noticed a golden dragon
114813 | Depths:4 | Killed a golden dragon
115019 | Depths:4 | Noticed a golden dragon
115027 | Depths:4 | Killed a golden dragon
115188 | Depths:4 | Noticed a golden dragon
115196 | Depths:4 | Killed a golden dragon
115272 | Depths:4 | Noticed a golden dragon
115276 | Depths:4 | Killed a golden dragon
115448 | Depths:4 | Reached skill level 14 in Dodging
116163 | Depths:4 | Found a gate to the Realm of Zot.
116173 | Depths:4 | Got the Incunabulum of the Exothermic Lungs
116549 | Depths:4 | Noticed a golden dragon
116681 | Depths:4 | Killed a golden dragon
116684 | Depths:4 | Reached skill level 19 in Fighting
116693 | Depths:4 | Noticed a golden dragon
116722 | Depths:4 | Killed a golden dragon
117749 | Depths:4 | Noticed Vv
117783 | Depths:4 | Killed Vv
118890 | Depths:4 | Found a one-way gateway to a ziggurat.
119094 | Depths:4 | Learned a level 6 spell: Bombard
119419 | Vaults:5 | Entered Level 5 of the Vaults
119436 | Vaults:5 | Reached skill level 1 in Conjurations
119436 | Vaults:5 | Reached skill level 1 in Earth Magic
119438 | Vaults:5 | Noticed an ancient lich
119516 | Vaults:5 | Reached skill level 2 in Conjurations
119516 | Vaults:5 | Reached skill level 2 in Earth Magic
119577 | Vaults:5 | Got a silver rune of Zot
119589 | Vaults:5 | Identified the +1 ring mail "Ittuz" {*Slow Dex+7}
119655 | Vaults:5 | Reached skill level 3 in Conjurations
119655 | Vaults:5 | Reached skill level 3 in Earth Magic
119803 | Vaults:5 | Identified the +7 rapier of Dithmenos's Pride {freeze,
                  | rPois rCorr}
119879 | Vaults:5 | Reached skill level 4 in Conjurations
119879 | Vaults:5 | Reached skill level 4 in Earth Magic
119879 | Vaults:5 | Reached XP level 23. HP: 157/194 MP: 19/43
119890 | Vaults:5 | Noticed a dread lich
119906 | Vaults:5 | Killed a dread lich
120168 | Vaults:5 | Noticed an ancient lich
120437 | Vaults:5 | Noticed Bai Suzhen
120562 | Vaults:4 | Killed an ancient lich
120823 | Vaults:5 | Killed Bai Suzhen
120824 | Vaults:5 | Reached skill level 5 in Conjurations
120824 | Vaults:5 | Reached skill level 5 in Earth Magic
121411 | Vaults:5 | Identified the +1 plate armour "Iroock" {+Blink Will- rCorr
                  | Int+3}
121943 | Vaults:5 | Identified the +10 rapier "Ygisoas" {venom, rN+ Will+}
122380 | Vaults:5 | Identified the +2 short sword of Cegipesm {venom, Fly rF-
                  | Str+5 SInv}
122402 | Vaults:5 | Reached skill level 6 in Conjurations
122402 | Vaults:5 | Reached skill level 6 in Earth Magic
122414 | Vaults:5 | Identified the +1 chain mail of the Sea {Rampage}
122698 | Vaults:5 | Found Zahajemn's Book Emporium.
122700 | Vaults:5 | Identified the +3 flail of Mourning {drain, *Corrode rPois
                  | Str+3}
122744 | Vaults:5 | Identified the +8 spear of Qaghae {freeze, Str+4 Dex-2}
123727 | Slime:1  | Entered Level 1 of the Pits of Slime
125990 | Slime:1  | Reached skill level 7 in Conjurations
125990 | Slime:1  | Reached skill level 7 in Earth Magic
127500 | Slime:3  | Noticed Donald
127507 | Slime:3  | Killed Donald
128433 | Slime:4  | Reached skill level 17 in Spellcasting
128985 | Slime:5  | Entered Level 5 of the Pits of Slime
129272 | Slime:5  | Reached skill level 8 in Conjurations
129272 | Slime:5  | Reached skill level 8 in Earth Magic
130705 | Slime:5  | Found a viscous altar of Jiyva.
131506 | Slime:5  | Noticed the Royal Jelly
131534 | Slime:5  | Killed the Royal Jelly
131535 | Slime:5  | Reached skill level 18 in Spellcasting
131535 | Slime:5  | Reached XP level 24. HP: 123/202 MP: 19/45
131798 | Slime:5  | Identified the amulet "Hyizucegigg" {Acrobat rC+ Dex+4}
131835 | Slime:5  | Got the Anthology of Attacks and Wildfire
131840 | Slime:5  | Identified the staff "Cebotrim" {rElec Str+3 Dex+4 Conj
                  | Air}
131855 | Slime:5  | Identified the ring "Ninokil" {MP+9 Dex+4 Stlth+}
131859 | Slime:5  | Identified the +1 mace of Amiel {heavy, +Blink Will+ MP+9
                  | Stlth+}
131865 | Slime:5  | Identified the +1 leather armour of Narrow Liberty {rElec
                  | rN+ rCorr Int+4}
131867 | Slime:5  | Got a slimy rune of Zot
131869 | Slime:5  | Identified the +9 flail "Embalmer" {flame, +Blink rElec rF+
                  | Will- Stlth+}
131873 | Slime:5  | Identified the +3 leather armour "Poxistr Qyjo" {Rampage
                  | rPois Will+ Stlth-}
131893 | Slime:5  | Identified the staff "Demonbane" {rElec rN+ Air}
131896 | Slime:5  | Identified the +9 broad axe of Betsaffyh {venom, Int+4}
131995 | Slime:5  | Identified the +4 battleaxe "Attu Gau" {flame, Fly Dex+4}
132672 | Lair:4   | Upgraded the game from 0.32-a0-643-ga006e7742e to
                  | 0.32-a0-656-g3542139ebd
132970 | Zot:1    | Entered Level 1 of the Realm of Zot
133099 | Zot:1    | Identified the ring "Effamyst" {Fly Stlth+}
134439 | Zot:1    | Reached skill level 9 in Conjurations
134493 | Zot:1    | Learned a level 7 spell: Spellforged Servitor
135273 | Zot:1    | Reached skill level 20 in Fighting
135399 | Zot:1    | Got Iqaifyne's Monograph on the Lithic Torch
135404 | Zot:1    | Noticed Grunn
135408 | Zot:1    | Killed Grunn
135412 | Zot:1    | Reached skill level 1 in Armour
136199 | Zot:2    | Reached skill level 2 in Armour
136664 | Zot:2    | Reached skill level 15 in Dodging
136805 | Zot:2    | Reached skill level 1 in Evocations
137681 | Zot:2    | Noticed a curse toe
137691 | Zot:2    | Killed a curse toe
138211 | Zot:3    | Reached skill level 3 in Armour
138211 | Zot:3    | Reached skill level 2 in Evocations
139477 | Zot:3    | Found a runed translucent gate.
139483 | Zot:3    | Found a runed translucent gate.
139485 | Zot:3    | Found a runed translucent gate.
139489 | Zot:3    | Noticed Hoptod's ghost (master DsFi)
139837 | Zot:3    | Reached skill level 3 in Evocations
139839 | Zot:3    | Noticed a Killer Klown
139972 | Zot:3    | Reached skill level 4 in Armour
140669 | Zot:3    | Killed a Killer Klown
141523 | Zot:4    | Found a transporter.
141540 | Zot:4    | Found a transporter.
141645 | Zot:4    | Found a transporter.
141738 | Zot:4    | Found a transporter.
142105 | Zot:4    | Reached skill level 4 in Evocations
142939 | Zot:4    | Noticed a curse toe
143224 | Zot:5    | Entered Level 5 of the Realm of Zot
143243 | Zot:5    | Reached skill level 5 in Armour
143243 | Zot:5    | Reached XP level 25. HP: 212/212 MP: 34/45
143642 | Zot:5    | Noticed a Killer Klown
143664 | Zot:5    | Noticed an orb of fire
143687 | Zot:5    | Learned a level 9 spell: Dragon's Call
143692 | Zot:5    | Learned a level 4 spell: Passage of Golubria
143700 | Zot:5    | Noticed a Killer Klown
143716 | Zot:5    | Noticed a Killer Klown
143718 | Zot:5    | Noticed a Killer Klown
143726 | Zot:5    | Noticed an orb of fire
143728 | Zot:5    | Noticed a Killer Klown
143729 | Zot:5    | Noticed an electric golem
143732 | Zot:5    | Noticed a Killer Klown
143739 | Zot:5    | Killed a Killer Klown
143741 | Zot:5    | Killed an electric golem
143742 | Zot:5    | Killed an orb of fire
143882 | Zot:5    | Killed an electric golem
143951 | Zot:5    | Killed an orb of fire
144187 | Zot:5    | Noticed an electric golem
144201 | Zot:5    | Killed an electric golem
144262 | Zot:5    | Noticed a Killer Klown
144263 | Zot:5    | Noticed an orb of fire
144268 | Zot:5    | Killed a Killer Klown
144269 | Zot:5    | Noticed an orb of fire
144274 | Zot:5    | Killed an orb of fire
144275 | Zot:5    | Reached skill level 21 in Summonings
144281 | Zot:5    | Killed an orb of fire
144305 | Zot:5    | Noticed a Killer Klown
144347 | Zot:5    | Killed a Killer Klown
144411 | Zot:5    | Noticed a Killer Klown
144417 | Zot:5    | Killed a Killer Klown
145350 | Zot:5    | Got the Orb of Zot
145491 | Zot:3    | Noticed Foukkif the pandemonium lord
145545 | Zot:2    | Noticed Isipp the pandemonium lord
146112 | D:7      | Noticed Efudigum the pandemonium lord
146112 | D:7      | Noticed an ancient lich
146222 | D:$      | Escaped with the Orb!

Vanquished Creatures
  the Royal Jelly (Slime:5)
  An ancient lich (Vaults:4)
  A golden dragon (Zot:1)
  A tentacled monstrosity (Zot:2)
  4 acid blobs
  A tengu reaver (Vaults:5)
  A storm dragon (Zot:3)
  3 rockslimes (Slime:5)
  5 azure jellies (Slime:5)
  A deep elf elementalist (Elf:3)
  4 quicksilver oozes (Slime:5)
  A formless jellyfish (Vaults:4)
  A green draconian (Zot:3)
  2 deep elf demonologists
  A merfolk impaler (Shoals:4)
  A hydra (D:8)
  A boulder beetle (D:8)
  A naga sharpshooter (Snake:2)
  A sea snake (Shoals:4)
  2 glowing orange brains
  2 deep trolls (Vaults:3)
  A mana viper (Snake:2)
  A harpy (Shoals:4)
  A lindwurm (Vaults:1)
  An orc knight (Vaults:4)
  2 orc sorcerers
  A cyclops (D:8)
  A meliai (D:15)
  A vault sentinel (Vaults:2)
  4 black mambas
  2 cane toads
  4 unseen horrors
  2 merfolk
  A troll (D:10)
  2 blink frogs
  8 slime creatures
  3 nameless horrors
  A vampire (D:8)
  A water elemental (Shoals:1)
  5 yaks
  A fire elemental (Elf:3)
  A golden eye (Slime:2)
  A naga (Snake:4)
  A meliai simulacrum (D:12)
  An orc warrior (Orc:2)
  A black bear (Lair:5)
  2 ogres
  A boggart (Elf:1)
  A wolf (Lair:5)
  5 killer bees
  2 bullfrog zombies (Ossuary)
  An orc priest (Orc:1)
  An iguana (D:6)
  3 orc wizards (D:8)
  2 gnolls (D:6)
  An adder (D:4)
  9 orcs
  2 giant cockroaches
  3 goblins
  2 hobgoblins
  4 quokkas
  A ball python zombie (Ossuary)
  A frilled lizard (D:3)
  4 kobolds
  2 rats
  A tentacle (Shoals:2)
132 creatures vanquished.

Vanquished Creatures (collateral kills)
  A dread lich (Vaults:5)
  3 orbs of fire (Zot:5)
  A juggernaut (Depths:1)
  Mara (Depths:3)
  Sojobo (Vaults:3)
  Vv (Depths:4)
  5 Killer Klowns
  Bai Suzhen (Vaults:5)
  A curse toe (Zot:2)
  Vashnia (Snake:4)
  2 caustic shrikes
  Nikola (Depths:2)
  The ghost of Wyithres the Warrior, an adept MiFi of Beogh (Depths:1)
  19 golden dragons
  3 doom hounds (Zot:1)
  2 electric golems (Zot:5)
  A Brimstone Fiend (Depths:4)
  A walking earthen tome (Depths:2)
  Jorgrun (D:14)
  3 liches
  2 deep elf blademasters (Elf:3)
  26 tentacled monstrosities
  18 Orb Guardians
  3 quicksilver dragons
  Grunn (Zot:1)
  2 walking frostbound tomes
  A deep elf master archer (Elf:3)
  2 titans (Vaults:5)
  3 eldritch tentacles
  15 acid blobs
  4 sphinxes
  Frances (Elf:1)
  2 krakens
  Agnes (Snake:2)
  9 shadow dragons
  9 tengu reavers
  Roxanne (D:15)
  9 death cobs
  17 storm dragons
  3 draconian knights
  7 rockslimes
  4 azure jellies
  Donald (Slime:3)
  A nagaraja (Snake:4)
  2 protean progenitors (Depths:4)
  5 draconian monks
  5 frost giants
  8 fire giants
  A draconian scorcher (Zot:3)
  8 vault wardens
  The ghost of Plog the Cruncher, a journeyman DsMo of Gozag (D:15)
  4 orc warlords
  6 draconian shifters
  A caustic shrike zombie (Depths:2)
  A draconian stormcaller (Zot:1)
  2 deep elf elementalists (Elf:3)
  11 quicksilver oozes
  A reaper (Depths:2)
  Louise (D:14)
  7 deep elf sorcerers
  13 very ugly things
  The ghost of Dittersdorf the Tortoise, a journeyman GrFi of Gozag (D:12)
  16 ironbound preservers
  6 draconian annihilators
  3 angels
  15 stone giants
  16 formless jellyfish
  14 green draconians
  A vampire knight (Depths:2)
  An apis (Shoals:4)
  6 ironbound thunderhulks
  4 deep elf death magi
  5 black draconians
  A war gargoyle (Vaults:4)
  6 deep elf demonologists
  A lorocyproca (D:8)
  3 yellow draconians
  15 red draconians
  8 white draconians
  6 purple draconians
  6 dire elephants (Vaults:2)
  A spark wasp (Depths:1)
  10 deep elf annihilators
  The ghost of Qazery the Severer, a journeyman MDFi of the Shining One (Lair:4)
  2 green deaths (Depths:2)
  5 merfolk javelineers
  17 ettins
  6 fire dragons
  11 merfolk impalers
  2 entropy weavers
  5 deep elf high priests
  2 crystal guardians
  12 yaktaur captains
  6 hydras
  2 peacekeepers
  5 rakshasas
  16 vault guards
  A catoblepas (D:15)
  7 ice dragons
  A spriggan air mage (Depths:3)
  7 ironbound frosthearts
  3 salamander tyrants
  15 great orbs of eyes
  9 anacondas
  17 centaur warriors
  3 merfolk aquamancers
  2 alligator snapping turtles
  4 ogre magi
  9 boulder beetles
  17 dancing weapons
  A two-headed ogre (shapeshifter) (Vaults:5)
  4 alligators
  4 deep troll shamans
  A merfolk avatar (Shoals:3)
  7 two-headed ogres
  8 naga warriors
  13 tengu warriors
  7 death yaks
  A vampire mage (Depths:2)
  2 occultists
  An orc high priest (Elf:2)
  2 deep troll earth magi
  Urug (Lair:2)
  6 shock serpents
  5 deep elf knights
  A demonic crawler (D:15)
  8 naga sharpshooters
  Nergalle (Lair:2)
  4 spriggan berserkers
  17 hell knights
  A soul eater (Depths:2)
  4 skysharks
  5 sixfirhies
  A golden dragon zombie (Depths:2)
  6 iron trolls
  2 cherubim (Shoals:4)
  9 large abominations
  3 salamander mystics
  5 glowing orange brains
  9 mana vipers
  47 deep trolls
  2 death drakes (Depths:4)
  12 sea snakes
  2 swamp dragons (Lair:4)
  A tengu zombie (Depths:1)
  2 obsidian statues (Depths:2)
  A phantasmal warrior (Vaults:1)
  4 arcanists
  15 orc knights
  5 deep elf archers
  5 naga ritualists
  A wolf spider zombie (D:15)
  9 ironbound convokers
  12 lindwurms
  A lindwurm (shapeshifter) (Vaults:4)
  21 deep elf pyromancers
  12 necromancers
  2 thermic dynamos (Elf:3)
  14 harpies
  A wolf spider (D:15)
  2 orc sorcerers
  3 shining eyes
  11 deep elf zephyrmancers
  3 fauns (Shoals:2)
  12 salamanders
  13 manticores
  37 ugly things
  A fire giant zombie (Depths:2)
  A meliai (shapeshifter) (Vaults:5)
  4 cyclopes
  An apocalypse crab (Shoals:2)
  3 merfolk sirens
  3 elephants (Lair:5)
  31 moths of wrath
  A torpor snail (Lair:5)
  3 centaur zombies (D:15)
  3 eyes of devastation
  11 kobold blastminers
  6 guardian serpents
  12 naga magi
  2 rust devils
  5 meliai
  3 water nymphs
  A fire giant skeleton (Depths:2)
  An ice statue (D:15)
  5 unseen horrors
  16 vault sentinels
  21 black mambas
  An orange demon (Depths:2)
  A smoke demon (Depths:2)
  9 cane toads
  A hellion (D:8)
  3 rime drakes
  4 kobold demonologists
  A golden dragon simulacrum (Depths:2)
  8 tengu conjurers
  A tormentor (Depths:2)
  13 yaktaurs
  7 komodo dragons
  3 ice devils
  2 efreet (D:15)
  A hellwing (Depths:2)
  A red devil (Depths:2)
  4 polar bears (Lair:5)
  25 merfolk
  A queen bee (shapeshifter) (D:15)
  20 blink frogs
  2 tengu simulacra (Depths:1)
  3 trolls (Orc:2)
  4 wind drakes
  A tyrant leech (Lair:4)
  5 hornets
  29 nameless horrors
  3 glass eyes
  21 dream sheep
  110 slime creatures
  5 snapping turtles
  A shadow (D:8)
  3 small abominations
  16 spriggans
  A spriggan skeleton (Depths:1)
  An air elemental (Elf:3)
  4 wyverns
  A vampire (D:12)
  8 water elementals
  3 wraiths
  28 yaks
  2 basilisks
  4 golden eyes
  A redback (D:15)
  4 wargs
  A redback (shapeshifter) (Elf:2)
  4 vampire mosquitoes (D:12)
  A neqoxec (Depths:2)
  36 nagas
  6 chaos spawn
  A harpy simulacrum (D:15)
  4 swamp worms (Lair:4)
  An acid dragon (D:11)
  A hell hound (D:15)
  12 water moccasins
  A swamp drake (Lair:4)
  33 orc warriors
  9 ogres
  2 ice beasts
  5 black bears
  A black bear (shapeshifter) (Vaults:5)
  18 centaurs
  32 wolves
  6 boggarts
  2 phantoms
  3 kobold brigands
  10 bullfrogs
  2 earth elementals
  A scorpion (D:6)
  10 wights
  4 killer bees
  An electric eel (Lair:5)
  4 howler monkeys
  A bombardier beetle (D:6)
  A bullfrog zombie (Ossuary)
  3 hounds
  15 jellies
  16 orc priests
  7 iguanas
  11 orc wizards
  6 hell rats
  2 killer bee zombies (Ossuary)
  2 crocodile zombies (Ossuary)
  2 hound zombies (Ossuary)
  6 mummies (Ossuary)
  4 howler monkey zombies (Ossuary)
  5 gnolls
  4 adders
  2 river rats (D:9)
  4 white imps
  2 ufetubi (D:7)
  A ribbon worm (D:3)
  67 orcs
  7 endoplasms
  3 giant cockroaches
  8 goblins
  7 hobgoblins
  A quokka (D:2)
  8 ball pythons
  6 ball python zombies (Ossuary)
  2 bats
  4 frilled lizards
  25 kobolds
  7 rats
  2 aspiring fleshes (Depths:4)
  4 tentacles
1946 creatures vanquished.

Vanquished Creatures (others)
  An ancient lich (Vaults:5)
  An orb of fire (Zot:5)
  5 Killer Klowns (Zot:5)
  A golden dragon (Zot:5)
  A curse toe (Zot:5)
  An electric golem (Zot:5)
  5 tentacled monstrosities (Zot:5)
  9 Orb Guardians (Zot:5)
  2 quicksilver dragons (Zot:5)
  A sphinx (Vaults:5)
  A titan (Vaults:5)
  A deep elf master archer (Elf:3)
  A death cob (Zot:5)
  57 eldritch tentacles
  A shadow dragon (Zot:5)
  A draconian shifter (Zot:4)
  2 draconian monks (Zot:5)
  3 draconian knights
  2 vault wardens (Vaults:5)
  A fire giant (Vaults:5)
  6 draconian scorchers (Zot:5)
  3 draconian stormcallers (Zot:5)
  An ironbound preserver (Vaults:5)
  A stone giant (Vaults:5)
  4 draconian annihilators
  2 green draconians
  A dire elephant (Vaults:2)
  A purple draconian (Zot:5)
  3 red draconians
  A war gargoyle (Vaults:5)
  A yellow draconian (Zot:5)
  3 white draconians (Zot:5)
  2 merfolk javelineers (Shoals:4)
  A merfolk impaler (Shoals:4)
  An ice dragon (Depths:4)
  14 vault guards (Vaults:5)
  An ogre mage (Vaults:5)
  A merfolk aquamancer (Shoals:4)
  A satyr (Shoals:4)
  A deep troll shaman (Depths:2)
  2 iron trolls (Depths:2)
  2 cherubim (Shoals:4)
  A phantasmal warrior (Vaults:5)
  A moth of wrath (Zot:5)
  A manticore (Shoals:4)
  A naga mage (Snake:2)
  2 water nymphs (Shoals:4)
  2 vault sentinels (Vaults:5)
  A water nymph (shapeshifter) (Vaults:5)
  A nameless horror (Zot:1)
  2 merfolk
  A snapping turtle (Shoals:4)
  A small abomination (Depths:1)
  A water elemental (Shoals:1)
  An orc (Orc:2)
  23 blazeheart cores
  65 snaplasher vines
  2 spectral weapons (Zot:5)
  20 tentacles
276 creatures vanquished.

Grand Total: 2354 creatures vanquished

Table legend: (Time is in decaauts)
 A = Elapsed time spent in this place.
 B = Non-inter-level travel time spent in this place.
 C = Inter-level travel time spent in this place.
 D = Time resting spent in this place.
 E = Time spent auto-exploring this place.
 F = Levels seen in this place.
 G = Mean time per level.
                   A        B        C        D        E       F      G
               +--------+--------+--------+--------+--------+-----+--------+
         Total | 147014 | 141524 |   5490 |  79668 |  23671 |  55 | 2673.0 |
       Dungeon |  28678 |  26666 |   2012 |  12235 |   7996 |  15 | 1911.9 |
        Temple |     55 |     55 |      0 |      0 |      0 |   1 |   55.0 |
          Lair |  17950 |  17420 |    530 |  10435 |   3733 |   5 | 3590.0 |
        Shoals |  13516 |  13030 |    486 |   7884 |   2043 |   4 | 3379.0 |
     Snake Pit |  11547 |  11253 |    294 |   7044 |   1712 |   4 | 2886.8 |
    Slime Pits |   8970 |   8821 |    149 |   5284 |   1453 |   5 | 1794.0 |
  Orcish Mines |   5097 |   4736 |    361 |   2696 |    560 |   2 | 2548.5 |
   Elven Halls |  10145 |   9783 |    362 |   6279 |    610 |   3 | 3381.7 |
        Vaults |  21531 |  20953 |    578 |  11718 |   2387 |   5 | 4306.2 |
        Depths |  16414 |  15987 |    427 |   9751 |   1208 |   4 | 4103.5 |
           Zot |  12106 |  11819 |    287 |   5850 |   1968 |   5 | 2421.2 |
         Sewer |      9 |      9 |      0 |      0 |      0 |   1 |    9.0 |
       Ossuary |    990 |    990 |      0 |    491 |      0 |   1 |  990.0 |
               +--------+--------+--------+--------+--------+-----+--------+

Top non-repeatable levels by time:
Vaults:3: 6355 daAuts
   Elf:3: 6150 daAuts
Depths:1: 5110 daAuts
    D:15: 4884 daAuts
Depths:4: 4631 daAuts
  Lair:5: 4568 daAuts
Vaults:2: 4253 daAuts
 Snake:4: 4204 daAuts
  Lair:3: 4157 daAuts
Vaults:4: 4144 daAuts
  Lair:4: 4004 daAuts
Vaults:1: 3810 daAuts
Shoals:2: 3682 daAuts
Shoals:3: 3663 daAuts
Depths:2: 3529 daAuts

Table legend:
 A = Non-vault XP
 B = Vault XP
 C = Vault XP percentage of total XP
 D = Non-vault monster count
 E = Vault monster count
 F = Vault count percentage of total count
                 A         B        C        D         E       F
            +---------+---------+-------+---------+---------+-------
      Total |  666619 |  553126 |  45.3 |    1306 |     703 |  35.0
            +---------+---------+-------+---------+---------+-------
        D:1 |      36 |       0 |   0.0 |      22 |       0 |   0.0
        D:2 |      56 |       0 |   0.0 |      21 |       0 |   0.0
        D:3 |     266 |       2 |   0.7 |      23 |       1 |   4.2
        D:4 |     164 |      54 |  24.8 |      19 |       8 |  29.6
        D:5 |     430 |       0 |   0.0 |       9 |       0 |   0.0
        D:6 |     741 |       0 |   0.0 |      21 |       0 |   0.0
        D:7 |     679 |       0 |   0.0 |      29 |       0 |   0.0
        D:8 |    1303 |    4690 |  78.3 |      24 |      10 |  29.4
        D:9 |    2151 |     617 |  22.3 |      28 |       9 |  24.3
       D:10 |     695 |       0 |   0.0 |       9 |       0 |   0.0
       D:11 |    2584 |       0 |   0.0 |      10 |       0 |   0.0
       D:12 |    4447 |   10192 |  69.6 |      13 |      27 |  67.5
       D:13 |   10159 |     869 |   7.9 |      24 |       1 |   4.0
       D:14 |    9902 |    5530 |  35.8 |      16 |       5 |  23.8
       D:15 |    9034 |   14992 |  62.4 |      18 |      25 |  58.1
     Lair:1 |    9717 |       0 |   0.0 |      44 |       0 |   0.0
     Lair:2 |    7781 |    1581 |  16.9 |      36 |       2 |   5.3
     Lair:3 |    5890 |    1724 |  22.6 |      19 |       6 |  24.0
     Lair:4 |    4407 |    5620 |  56.0 |      19 |      26 |  57.8
     Lair:5 |   11739 |    8213 |  41.2 |      29 |      46 |  61.3
   Shoals:1 |   11118 |       0 |   0.0 |      26 |       0 |   0.0
   Shoals:2 |   12613 |   10148 |  44.6 |      27 |      11 |  28.9
   Shoals:3 |   13319 |       0 |   0.0 |      26 |       0 |   0.0
   Shoals:4 |   10495 |   17941 |  63.1 |      17 |      30 |  63.8
    Snake:1 |    6483 |       0 |   0.0 |      17 |       0 |   0.0
    Snake:2 |   19775 |    1463 |   6.9 |      36 |       1 |   2.7
    Snake:3 |   11417 |       0 |   0.0 |      23 |       0 |   0.0
    Snake:4 |   13952 |   21036 |  60.1 |      27 |      35 |  56.5
    Slime:1 |   18910 |     735 |   3.7 |      36 |       3 |   7.7
    Slime:2 |    9896 |     720 |   6.8 |      20 |       3 |  13.0
    Slime:3 |   15920 |    1334 |   7.7 |      27 |       1 |   3.6
    Slime:4 |   15658 |       0 |   0.0 |      28 |       0 |   0.0
    Slime:5 |   13040 |   26978 |  67.4 |      17 |      20 |  54.1
      Orc:1 |    3598 |       0 |   0.0 |      29 |       0 |   0.0
      Orc:2 |    6766 |    7522 |  52.6 |      39 |      39 |  50.0
      Elf:1 |   15439 |    6667 |  30.2 |      22 |      10 |  31.2
      Elf:2 |    7809 |    4870 |  38.4 |      15 |       7 |  31.8
      Elf:3 |   13546 |   35812 |  72.6 |      23 |      32 |  58.2
   Vaults:1 |   18597 |   11242 |  37.7 |      28 |      15 |  34.9
   Vaults:2 |   37855 |   15250 |  28.7 |      58 |      23 |  28.4
   Vaults:3 |   24932 |   16012 |  39.1 |      35 |      15 |  30.0
   Vaults:4 |   22829 |   25019 |  52.3 |      27 |      25 |  48.1
   Vaults:5 |   11710 |   68649 |  85.4 |      20 |      64 |  76.2
   Depths:1 |   28887 |   36086 |  55.5 |      37 |      37 |  50.0
   Depths:2 |   31826 |   28762 |  47.5 |      41 |      29 |  41.4
   Depths:3 |   20397 |   13933 |  40.6 |      22 |      12 |  35.3
   Depths:4 |   32783 |   64972 |  66.5 |      36 |      50 |  58.1
      Zot:1 |   43404 |    7819 |  15.3 |      35 |       4 |  10.3
      Zot:2 |   25665 |       0 |   0.0 |      21 |       0 |   0.0
      Zot:3 |   23917 |   21619 |  47.5 |      21 |      13 |  38.2
      Zot:4 |   15988 |    5193 |  24.5 |      15 |       6 |  28.6
      Zot:5 |   25894 |   48727 |  65.3 |      22 |      25 |  53.2
      Sewer |       0 |       1 | 100.0 |       0 |       1 | 100.0
    Ossuary |       0 |     532 | 100.0 |       0 |      26 | 100.0
            +---------+---------+-------+---------+---------+-------
